Map: Crête de Lerilak

Players

AgCl - Winner!

  • Race: Protoss Protoss

Shydralisk

  • Race: Terran Terran

VOD

Have the link to the VOD?

Description

Time

  • Played on: May 5, 2015, 6:33 a.m.
  • Length: 7:31
Show
View Real Time Build Order
Export as new Build Order

AgCl Protoss - Winner!

Build Orders: Oracle Opening, Oracle Opening, Carrier Rush 

Get SALT Encoding   

  12  0:02  Probe  
  13  0:18  Pylon  
  13  0:37  Gateway  
  13  0:38  Assimilator  
  13  0:39  Probe (Chrono Boost)  
  14  0:49  Probe (Chrono Boost)  
  15  0:56  Probe  
  16  1:08  Probe  
  17  1:13  Pylon  
  17  1:20  Probe  
  18  1:26  Zealot (Chrono Boost)  
  18  1:29  Assimilator  
  20  1:35  Probe (Chrono Boost)  
  20  1:36  Cybernetics Core  
  21  1:46  Probe (Chrono Boost)  
  22  1:52  Probe  
  22  2:04  Probe (Chrono Boost)  
  23  2:14  Stargate  
  24  2:17  Probe (Chrono Boost), Warp Gate  
  24  2:23  Probe  
  25  2:32  Adept  
  25  2:48  Nexus  
  25  2:53  Mothership Core (Chrono Boost)  
  27  3:00  Oracle  
  30  3:14  Pylon  
  30  3:32  Probe  
  29  3:44  Probe  
  30  3:50  Fleet Beacon  
  30  3:56  Probe  
  30  4:01  Forge  
  31  4:07  Pylon  
  31  4:08  Probe (Chrono Boost)  
  32  4:12  Carrier (Chrono Boost)  
  33  4:24  Probe (Chrono Boost)  
  33  4:28  Probe (Chrono Boost)  
  35  4:33  Probe (Chrono Boost)  
  35  4:38  Probe (Chrono Boost)  
  42  4:39  Probe (Chrono Boost)  
  43  4:49  Probe (Chrono Boost)  
  43  4:51  Probe (Chrono Boost), Stargate  
  45  4:58  Probe (Chrono Boost)  
  47  5:02  Probe (Chrono Boost)  
  47  5:06  Probe (Chrono Boost), Assimilator  
  48  5:09  Assimilator  
  48  5:13  Probe (Chrono Boost)  
  50  5:14  Probe (Chrono Boost)  
  50  5:20  Carrier (Chrono Boost)  
  50  5:26  Probe x2  
  50  5:27  Pylon  
  58  5:39  Probe (Chrono Boost)  
  59  5:45  Photon Cannon  
  59  5:47  Probe (Chrono Boost)  
  59  5:49  Pylon  
  60  5:53  Graviton Catapult (Chrono Boost)  
  60  5:56  Probe (Chrono Boost)  
  61  5:58  Probe (Chrono Boost)  
  61  6:03  Probe  
  63  6:19  Probe, Nexus  
  63  6:21  Twilight Council  
  63  6:22  Pylon  
  70  6:44  Probe (Chrono Boost)  
  72  6:48  Probe (Chrono Boost)  
  72  6:50  Pylon  
  73  6:55  Probe (Chrono Boost)  
  73  6:58  Probe (Chrono Boost)  
  74  7:01  Probe  
  74  7:07  Pylon  
  81  7:14  Probe  
  81  7:15  Probe  
  83  7:19  Assimilator  
Show
View Real Time Build Order
Export as new Build Order

Shydralisk Terran 

Build Orders:  

Get SALT Encoding   

  12  0:10  Supply Depot  
  12  0:13  SCV  
  13  0:25  SCV  
  14  0:37  SCV  
  14  0:38  Barracks  
  15  0:49  SCV  
  16  1:01  SCV, Supply Depot  
  17  1:10  Refinery  
  17  1:14  SCV  
  18  1:25  Marine  
  19  1:26  SCV  
  20  1:33  Refinery  
  20  1:38  SCV  
  21  1:43  Marine  
  22  1:50  SCV  
  23  2:00  Marine  
  24  2:02  SCV  
  25  2:14  SCV  
  26  2:18  Command Center  
  26  2:22  Barracks Tech Lab  
  25  2:40  Bunker  
  25  2:41  Marauder  
  27  2:54  Orbital Command  
  27  3:02  Marauder  
  27  3:04  Concussive Shells  
  28  3:21  SCV, Barracks  
  28  3:23  Marine  
  28  3:25  Supply Depot  
  30  3:39  SCV  
  30  3:44  Marine  
  31  3:51  SCV  
  31  3:54  Missile Turret  
  32  3:57  SCV  
  32  4:02  Marine  
  33  4:03  SCV  
  33  4:09  SCV  
  27  4:15  SCV  
  25  4:21  SCV  
  26  4:24  Missile Turret  
  26  4:27  SCV  
  27  4:33  Barracks Reactor, SCV  
  28  4:39  SCV  
  29  4:52  SCV  
  30  4:54  SCV  
  31  5:03  Bunker  
  31  5:04  SCV, Marine  
  31  5:06  SCV  
  34  5:09  Marine  
  34  5:10  Marine  
  36  5:16  SCV  
  36  5:18  SCV  
  38  5:22  Marine  
  38  5:25  Factory  
  38  5:28  SCV  
  40  5:30  SCV  
  40  5:35  Marine  
  42  5:36  Marine  
  42  5:40  SCV, Marauder  
  42  5:41  Combat Shields  
  46  5:42  SCV  
  47  5:53  Marine  
  47  5:54  Marine  
  47  5:55  SCV  
  50  5:58  Missile Turret  
  50  6:03  SCV  
  51  6:07  Supply Depot  
  51  6:08  SCV  
  51  6:09  Factory Tech Lab  
  52  6:13  Factory  
  52  6:15  SCV  
  53  6:20  SCV  
  54  6:29  SCV  
  54  6:32  SCV, Supply Depot  
  56  6:39  Marine  
  59  6:40  Marine, Marauder  
  59  6:41  Command Center, SCV  
  61  6:48  Supply Depot  
  61  6:51  SCV  
  61  6:52  Supply Depot  
  61  7:03  SCV  
  62  7:15  Missile Turret  
  62  7:18  Factory Tech Lab  
  62  7:21  Armory  
  64  7:26  Starport  
Tags
 
Add a new tag
Caveats
  • Supply blocks, unpowered buildings, or Contaminate may cause inaccurate times.
  • Supply counts are checked every 10 seconds.